 Dungeon Crawl Stone Soup version 0.28.0-45-g0d030f2227 (webtiles) character file.

Game seed: 12080176533987583613

2617 pkoi the Insei (level 9, -1/72 HPs)
             Began as a Demigod Gladiator on Apr 4, 2022.
             Slain by Harold
             ... wielding a +0 long sword
              (10 damage)
             ... on level 6 of the Dungeon.
             The game lasted 00:12:14 (8278 turns).

pkoi the Insei (Demigod Gladiator)                  Turns: 8278, Time: 00:12:15

Health: -1/72      AC:  7    Str: 19    XL:     9   Next: 12%
Magic:  11/17      EV: 17    Int: 14    God:
Gold:   321        SH:  0    Dex: 30    Spells: 7/14 levels left

rFire   . . .      SeeInvis .   g - +7 trident of Immorality {speed, Dex+5}
rCold   . . .      Faith    .   (no shield)
rNeg    . . .      Spirit   .   s - +0 steam dragon scales
rPois   .          Reflect  .   b - +0 helmet
rElec   .          Harm     .   k - +0 cloak
rCorr   .          Rampage  .   (no gloves)
Will    .....                   (no boots)
Stlth   ++........              (no amulet)
HPRegen 0.22/turn               f - +6 ring of dexterity
MPRegen 0.15/turn               (no ring)

@: marked
A: high MP 1, forlorn, divine attributes
a: no special abilities


You were on level 6 of the Dungeon.
You visited 1 branch of the dungeon, and saw 7 of its levels.

You collected 321 gold pieces.

Inventory:

Hand Weapons
 d - a +0 short sword
 g - the +7 trident of Immorality (weapon) {speed, Dex+5}
   (You found it on level 2 of the Dungeon)

   Attacks with this weapon are significantly faster.
   Dex:       It affects your dexterity (+5).
 j - a +0 dagger of electrocution
 t - a +2 dagger of venom
Missiles
 c - 4 throwing nets (quivered)
 l - 10 poisoned darts
Armour
 a - a +0 leather armour
 b - a +0 helmet (worn)
 k - a +0 cloak (worn)
 s - +0 steam dragon scales (worn)
Jewellery
 f - a +6 ring of dexterity (left hand)
Wands
 p - a wand of acid (12)
 r - a wand of iceblast (11)
Scrolls
 e - 2 scrolls of fear
 m - 2 scrolls of teleportation
 q - a scroll of identify
Potions
 h - a potion of ambrosia
 i - a potion of might
 n - a potion of heal wounds
 o - a potion of haste


   Skills:
 + Level 4.7 Fighting
 - Level 1.7 Throwing
 + Level 5.4 Dodging
 + Level 6.5 Unarmed Combat
 + Level 3.3 Spellcasting
 + Level 2.4 Necromancy
 + Level 3.5 Air Magic
 + Level 2.5 Earth Magic
 + Level 3.2 Poison Magic


You had 7 spell levels left.
You knew the following spells:

 Your Spells              Type           Power      Damage    Failure   Level
a - Poisonous Vapours     Pois/Air       22%        N/A       8%          2
b - Borgnjor's Vile Clut  Necr/Erth      4%         N/A       90%         5

Your spell library contained the following spells:

 Spells                   Type           Power      Damage    Failure   Level
 Sting                    Tmut/Pois      24%        1d4       11%         1
 Olgreb's Toxic Radiance  Pois           11%        N/A       47%         4
 Gell's Gravitas          Tloc           2%         N/A       54%         3
 Lesser Beckoning         Tloc           2%         N/A       54%         3
 Summon Guardian Golem    Hex/Summ       2%         N/A       54%         3
 Teleport Other           Tloc           2%         N/A       54%         3
 Animate Dead             Necr           4%         N/A       58%         4
 Death Channel            Necr           4%         N/A       100%        6
 Orb of Destruction       Conj           1%         9d5       100%        7
 Spellforged Servitor     Conj/Summ      1%         N/A       100%        7


Dungeon Overview and Level Annotations

Branches:
Dungeon (7/15)
 Temple: D:4-7

Shops:
D:6 [

Annotations:
D:6 Harold
D:7 Dowan, Duvessa


Innate Abilities, Weirdness & Mutations

You have an increased reservoir of magic. (+10% MP)
You shall have no god before yourself.
Your divine heritage dramatically boosts your attributes as you level up.


Message History

You hit Harold.
Harold is moderately wounded.
Harold hits you with a +0 long sword.
* * * LOW HITPOINT WARNING * * *
You puncture Harold! Your punch misses Harold.
Harold is heavily wounded.
Harold hits you with a +0 long sword!
* * * LOW HITPOINT WARNING * * *
You hit Harold.
Harold is heavily wounded.
Harold points at you and mumbles some strange words.
The mark upon you grows brighter.
You puncture Harold!
Harold is heavily wounded.
You hit Harold.
Harold is severely wounded.
Harold completely misses you.
You hit Harold.
Harold is severely wounded.
Harold drinks a potion.
Harold is healed!
You hit Harold.
Harold is heavily wounded.
Harold barely misses you.
You hit Harold.
Harold is heavily wounded.
Harold gestures at you while chanting.
You barely resist. You puncture Harold!
Harold is severely wounded.
Harold says happily, "The price on your head will fill my nest egg nicely!"
Harold hits you with a +0 long sword!!
* * * LOW HITPOINT WARNING * * *
You puncture Harold!
Harold is almost dead.
Harold casts a spell at you. The mark upon you grows brighter.
You closely miss Harold.
Harold is almost dead.
Harold hits you with a +0 long sword!
You die...

#.# ####..###### ## #.#
#..#..))..# #. #.# #..######.#
#####. ..## ###)##
#)##########..... #..# #...#
#..#.........#### #<.# #.#.#
##)>.######### ## ...####.#.#
###..###########. .#...#..#.#
###@....#.....##... .###...##.#
#.@[...........#.## .# ###.##.#
###.................. .#
#.##.###...................# .#
###..#.#...#...............##.
.###........###..................
.#....###.#####...............###
...#.## #.#...................#
.###.####......#.........^...##
.#........####..#.....#.....##


You could see Harold (very poisoned).

Vanquished Creatures
  A wraith (D:6)
  A steam dragon (D:7)
  A swamp worm (D:6)
  2 water moccasins
  An orc warrior (D:7)
  3 sky beasts
  2 ice beasts (D:5)
  2 centaurs
  2 ogres
  A kobold brigand (D:7)
  A bullfrog (D:6)
  A gnoll sergeant (D:6)
  4 howler monkeys
  A bullfrog zombie (D:6)
  An orc priest (D:7)
  A centaur zombie (D:6)
  A gnoll shaman (D:6)
  3 hounds
  A bullfrog skeleton (D:6)
  A centaur skeleton (D:7)
  3 iguanas
  4 orc wizards
  A scorpion zombie (D:5)
  2 killer bee zombies (D:6)
  A hound zombie (D:5)
  A mummy (D:5)
  8 gnolls
  4 adders
  A howler monkey skeleton (D:5)
  A shadow imp (D:5)
  2 white imps (D:5)
  An ufetubus (D:6)
  A dart slug (D:2)
  8 orcs
  6 bats
  4 endoplasms
  12 hobgoblins
  5 quokkas
  8 ball pythons
  3 frilled lizards
  6 goblins
  A goblin skeleton (D:5)
  4 hobgoblin zombies (D:5)
  13 kobolds
  2 kobold skeletons (D:5)
  2 kobold zombies (D:5)
  2 orc skeletons (D:5)
  An orc zombie (D:5)
  7 rats
145 creatures vanquished.

Vanquished Creatures (others)
  3 plants (D:7)
3 creatures vanquished.

Grand Total: 148 creatures vanquished

Notes
Turn   | Place    | Note
-------+----------+-------------------------------------------
     0 | D:1      | pkoi the Demigod Gladiator began the quest for the Orb.
     0 | D:1      | Reached XP level 1. HP: 17/17 MP: 3/3
    54 | D:1      | Reached skill level 3 in Unarmed Combat
   346 | D:1      | Reached XP level 2. HP: 18/24 MP: 4/4
  1061 | D:2      | Reached XP level 3. HP: 25/29 MP: 5/5
  1115 | D:2      | Reached skill level 4 in Unarmed Combat
  1121 | D:2      | Identified the +7 trident of Immorality {speed, Dex+5}
  2543 | D:3      | Noticed a centaur
  2564 | D:3      | Killed a centaur
  2565 | D:3      | Reached XP level 4. HP: 30/37 MP: 6/6
  2950 | D:4      | Reached XP level 5. HP: 39/42 MP: 7/7
  3099 | D:4      | Reached skill level 5 in Unarmed Combat
  3596 | D:5      | Entered Level 5 of the Dungeon
  3599 | D:5      | Noticed an ice beast
  3696 | D:5      | Learned a level 2 spell: Poisonous Vapours
  3883 | D:5      | Noticed an ogre
  3888 | D:5      | Killed an ogre
  3889 | D:5      | Reached XP level 6. HP: 51/51 MP: 7/9
  3916 | D:5      | Noticed a water moccasin
  3976 | D:5      | Killed a water moccasin
  3977 | D:5      | Reached skill level 1 in Spellcasting
  3977 | D:5      | Reached skill level 1 in Air Magic
  3977 | D:5      | Reached skill level 1 in Poison Magic
  4487 | D:5      | Reached XP level 7. HP: 57/57 MP: 10/12
  4976 | D:6      | Noticed a wraith
  5526 | D:6      | Killed a wraith
  5668 | D:6      | Learned a level 5 spell: Borgnjor's Vile Clutch
  5668 | D:6      | Found Bemon's Armour Shop.
  6018 | D:6      | Reached XP level 8. HP: 54/66 MP: 14/14
  6103 | D:6      | Reached skill level 6 in Unarmed Combat
  6103 | D:6      | Reached skill level 1 in Earth Magic
  6159 | D:6      | Reached skill level 1 in Necromancy
  6730 | D:7      | Reached skill level 5 in Dodging
  7388 | D:7      | Reached XP level 9. HP: 72/72 MP: 17/17
  7407 | D:7      | Noticed Harold
  7428 | D:7      | Noticed Dowan
  7429 | D:7      | Noticed Duvessa
  8278 | D:6      | Slain by Harold

Illustrated notes

Levels and vault maps discovered:
D:1:      elethiomel_arrival_quiet, layout_basic, minmay_pentomino_w4
D:2:      layout_basic
D:3:      layout_basic, nicolae_dithmenos_through_a_glass_darkly,
          basic_ecumenical_altar
D:4:      layout_basic, amethyst_overflow_temple_binary
D:5:      layout_basic, nicolae_overflow_hidden_temple,
          nicolae_tso_besieged_by_evil, minmay_mini_ossuary
D:6:      layout_rooms, grunt_temple_overflow_diamond, serial_shops,
          nicolae_shop_trees
D:7:      layout_loops_cross, nicolae_uskayaw_en_pointe,
          mainiacjoe_overflow_paths, nicolae_ru_great_annihilating_truth,
          minmay_temple_entry_drinking_statues, serial_shops,
          nicolae_shop_waterfront, hangedman_decor_riveting,
          minmay_misc_feat_nine_boxes, worms_lemuel, uniq_duvessa, uniq_harold

Skill      XL: |  1  2  3  4  5  6  7  8 |
---------------+-------------------------+-----
Unarmed Combat | 3 4 5 6 |  6.5
Fighting       | 2 3 4 |  4.7
Dodging        | 3 4 5 |  5.4
Spellcasting   | 1 2 3 |  3.3
Air Magic      | 1 2 3 |  3.5
Poison Magic   | 1 2 3 |  3.2
Earth Magic    | 2 |  2.5
Necromancy     | 2 |  2.4
Throwing       | |  1.7

Action                   |  1- 3 |  4- 6 |  7- 9 || total
-------------------------+-------+-------+-------++-------
Melee: Short sword       |    72 |       |       ||    72
       Unarmed           |    36 |       |       ||    36
       Punch             |     4 |     1 |     6 ||    11
       Trident           |    47 |    65 |   205 ||   317
 Cast: Poisonous Vapours |       |       |    57 ||    57
Evoke: Wand              |       |       |     2 ||     2
  Use: Scroll            |     2 |     3 |     5 ||    10
 Stab: Sleeping          |     9 |     1 |     2 ||    12
       Distracted        |     1 |       |       ||     1
Armor: Leather armour    |    34 |     9 |    30 ||    73
       Steam dragon scal |       |       |    10 ||    10
Dodge: Dodged            |    97 |    32 |   136 ||   265
